 Dungeon Crawl Stone Soup version 0.29-a0-802-g34511f41fd (webtiles) character file.

Game seed: 17055713255118242513

379757 jlumianski the Victor of a Thousand Battles (level 21, -14/183 HPs)
             Began as a Demonspawn Fighter on June 27, 2022.
             Was the Champion of Okawaru.
             Shot with a bolt by a yaktaur (25 damage)
             ... led by a vault warden
             ... on level 5 of the Vaults on July 4, 2022.
             The game lasted 04:22:25 (39025 turns).

jlumianski the Victor of a Thousand Battles (DsFi) Turns: 39025, Time: 04:22:25

Health: -14/183    AC: 30    Str: 29    XL:     21   Next: 87%
Magic:  0/26       EV: 16    Int: 13    God:    Okawaru [******]
Gold:   2005       SH:  5    Dex: 12    Spells: 20/20 levels left

rFire   . . .      SeeInvis +   n - +9 lajatang (spect)
rCold   . . .      Faith    .   (shield currently unavailable)
rNeg    + . .      Spirit   +   Y - +3 swamp dragon scales "Tiraruat" {Contam rElec rPois Int+6 Slay+5}
rPois   +          Reflect  +   i - +2 helmet of the Kangaroo {Fly rPois rN+}
rElec   +          Harm     +   F - +0 cloak of the Loving Gods {Regen+ MP-9 Int-5 SInv}
rCorr   +          Rampage  .   e - +2 pair of gloves {Str+3}
Will    +....                   (boots unavailable)
Stlth   ++++......              r - amulet "Axzikih" {Reflect Harm Drain +Blink rElec SH+5}
HPRegen 2.20/turn               l - +4 ring of protection
MPRegen 0.40/turn               O - +4 ring of slaying

@: marked, flying
A: hooves 3, yellow scales 3, powered by death 3, magic shield, magic
regeneration, corrupting presence 2
}: 2/15 runes: barnacled, gossamer
a: Renounce Religion, Evoke Blink, Heroism, Finesse, Duel


You were on level 5 of the Vaults.
You worshipped Okawaru.
Okawaru was exalted by your worship.
You visited 6 branches of the dungeon, and saw 36 of its levels.
You also visited: Gauntlet, Wizlab and Desolation.

You collected 4587 gold pieces.
You spent 2582 gold pieces at shops.

Inventory:

Hand Weapons
 n - a +9 spectral lajatang (weapon)
 B - the +4 war axe of Dismemberment {pain, +Blink}
   (Okawaru gifted it to you on level 15 of the Dungeon)

   In the hands of one skilled in necromantic magic, it inflicts extra damage on
   living creatures.
   +Blink:    It lets you blink.
 D - a +3 spectral quarterstaff
 E - a +2 demon trident of pain
 L - the +10 scimitar of Ganug {spect, rN+ Will- Int+4 Dex+3}
   (You took it off a deep elf sorcerer on level 5 of the Vaults)

   When its wielder attacks, the weapon's spirit leaps out and strikes again.
   The spirit shares a part of any damage it takes with its wielder.
   Int:       It affects your intelligence (+4).
   Dex:       It affects your dexterity (+3).
   rN:        It protects you from negative energy.
   Will:      It decreases your willpower.
Missiles
 p - 9 atropa-tipped darts
 q - 30 javelins
 u - 11 boomerangs of dispersal
 x - 60 boomerangs (quivered)
 z - 7 throwing nets
 M - 6 datura-tipped darts
Armour
 e - a +2 pair of gloves of strength (worn)
 i - the +2 helmet of the Kangaroo (worn) {Fly rPois rN+}
   (Okawaru gifted it to you on level 1 of the Spider Nest)

   rPois:     It protects you from poison.
   rN:        It protects you from negative energy.
   Fly:       It grants you flight.
 F - the +0 cloak of the Loving Gods (worn) {Regen+ MP-9 Int-5 SInv}
   (You found it in a Gauntlet)

   Int:       It affects your intelligence (-5).
   MP:        It affects your magic capacity (-9).
   SInv:      It lets you see invisible.
   Regen:     It increases your rate of health regeneration.
 N - +0 gold dragon scales
 Y - the +3 swamp dragon scales "Tiraruat" (worn) {Contam rElec rPois Int+6 Slay+5}
   (You bought it in a shop on level 8 of the Dungeon)

   Int:       It affects your intelligence (+6).
   Slay:      It affects your accuracy & damage with ranged weapons and melee
   (+5).
   rElec:     It insulates you from electricity.
   rPois:     It protects you from poison.
   Contam:    It causes magical contamination when unequipped.
Jewellery
 l - a +4 ring of protection (left hand)
 r - the amulet "Axzikih" (around neck) {Reflect Harm Drain +Blink rElec SH+5}
   (You found it in the Desolation of Salt)

   [amulet of reflection]

   It reflects blocked missile attacks.
   rElec:     It insulates you from electricity.
   +Blink:    It lets you blink.
   Drain:     It drains your maximum health when unequipped.
   SH:        It affects your SH (+5).
   Harm:      It increases damage dealt and taken.
 H - a ring of positive energy
 J - a ring of wizardry
 O - a +4 ring of slaying (right hand)
 P - a +6 ring of dexterity
 R - a +4 ring of protection
 X - a ring of ice
Wands
 a - a wand of mindburst (33)
 f - a wand of roots (4)
 s - a wand of quicksilver (10)
 W - a wand of paralysis (48)
Scrolls
 b - a scroll of amnesia
 c - 5 scrolls of fog
 d - 18 scrolls of teleportation
 g - a scroll of enchant weapon
 k - 2 scrolls of fear
 t - a scroll of enchant armour
 y - 2 scrolls of blinking
 G - 5 scrolls of magic mapping
 I - 5 scrolls of silence
 U - 6 scrolls of poison
Potions
 h - 12 potions of might
 j - 12 potions of haste
 m - 4 potions of resistance
 o - 3 potions of cancellation
 v - 15 potions of curing
 w - a potion of mutation
 A - a potion of invisibility
 C - 5 potions of heal wounds
 Q - a potion of ambrosia
 T - a potion of berserk rage
Miscellaneous
 K - a condenser vane
 S - a lightning rod (4/4)


   Skills:
 + Level 20.0 Fighting
 - Level 8.9 Long Blades
 - Level 4.8 Axes
 - Level 14.0 Staves
 + Level 5.2 Throwing
 + Level 11.8 Armour
 + Level 13.5 Dodging
 + Level 12.4 Stealth
 - Level 4.1 Shields
 * Level 20.5 Invocations
 * Level 13.8 Evocations


You had 20 spell levels left.
You didn't know any spells.
Your spell library contained the following spells:

 Spells                   Type           Power      Damage    Failure   Level
 Beastly Appendage        Tmut           0%         N/A       38%         1
 Necrotise                Necr           0%         1d4       38%         1
 Shock                    Conj/Air       0%         1d3       38%         1
 Blink                    Tloc           0%         N/A       52%         2
 Ensorcelled Hibernation  Hex/Ice        0%         N/A       52%         2
 Passwall                 Tmut/Erth      0%         N/A       52%         2
 Scorch                   Fire           0%         2d5       52%         2
 Wereblood                Tmut           0%         N/A       52%         2
 Conjure Flame            Conj/Fire      0%         6-21      77%         3
 Dazzling Flash           Conj/Hex       0%         N/A       77%         3
 Frozen Ramparts          Ice            0%         1d2       77%         3
 Gell's Gravitas          Tloc           0%         N/A       77%         3
 Ignite Poison            Fire/Tmut/Pois 0%         N/A       77%         3
 Lesser Beckoning         Tloc           0%         N/A       77%         3
 Portal Projectile        Hex/Tloc       0%         N/A       77%         3
 Spider Form              Tmut/Pois      0%         N/A       77%         3
 Swiftness                Air            0%         N/A       77%         3
 Teleport Other           Tloc           0%         N/A       77%         3
 Vampiric Draining        Necr           0%         2d6       77%         3
 Airstrike                Air            0%         0-1+      99%         4
 Fulminant Prism          Conj/Hex       0%         3d6       99%         4
 Iskenderun's Mystic Bla  Conj/Tloc      0%         2d3       99%         4
 Leda's Liquefaction      Hex/Erth       0%         N/A       99%         4
 Olgreb's Toxic Radiance  Pois           0%         N/A       99%         4
 Passage of Golubria      Tloc           0%         N/A       99%         4
 Petrify                  Tmut/Erth      0%         N/A       99%         4
 Sticky Flame             Conj/Fire      0%         2d3       99%         4
 Agony                    Necr           0%         N/A       100%        5
 Alistair's Intoxication  Tmut/Pois      0%         N/A       100%        5
 Borgnjor's Vile Clutch   Necr/Erth      0%         N/A       100%        5
 Fireball                 Conj/Fire      0%         3d3       100%        5
 Iskenderun's Battlesphe  Conj           0%         2d6       100%        5
 Lee's Rapid Deconstruct  Erth           0%         3d5*      100%        5
 Metabolic Englaciation   Hex/Ice        0%         N/A       100%        5
 Silence                  Hex/Air        0%         N/A       100%        5
 Dispersal                Tloc           0%         N/A       100%        6
 Eringya's Noxious Bog    Tmut/Pois      0%         N/A       100%        6
 Iron Shot                Conj/Erth      0%         9d1       100%        6
 Statue Form              Tmut/Erth      0%         N/A       100%        6
 Ozocubu's Refrigeration  Ice            0%         4d5       100%        7
 Ignition                 Fire           0%         3d3       100%        8
 Necromutation            Tmut/Necr      0%         N/A       100%        8
 Summon Small Mammal      Summ           Unusable   N/A       N/A         1
 Call Canine Familiar     Summ           Unusable   N/A       N/A         3
 Summon Forest            Summ/Tloc      Unusable   N/A       N/A         5
 Spellforged Servitor     Conj/Summ      Unusable   N/A       N/A         7

Dungeon Overview and Level Annotations

Branches:
Dungeon (15/15)            Temple (0/1) D:6            Lair (6/6) D:9
 Shoals (4/4) Lair:4       Spider (4/4) Lair:4        Slime (0/5) Lair:6
    Orc (2/2) D:9             Elf (0/3) Orc:2        Vaults (5/5) D:13
  Crypt (0/3) Vaults:2     Depths (0/4) D:15         WizLab (visited)
Desolation (visited)      Gauntlet (visited)

Altars:
Kikubaaqudgha
Makhleb
Nemelex Xobeh
Okawaru
Sif Muna
Uskayaw
Vehumet
Wu Jian
Xom
Yredelemnul
Lugonu

Shops:
D:5 [   D:8 [   D:15 :   Orc:1 *   Orc:2 [?[(   Shoals:1 :   Shoals:3 (
Shoals:4 ?[(?!   Vaults:2 ?   Vaults:3 (   Vaults:4 =

Portals:
Abyss: Lair:6


Innate Abilities, Weirdness & Mutations

You have hooves in place of feet.
You are completely covered in yellow scales. (AC +4, rCorr)
You regenerate a lot of health from kills.
When hurt, damage is shared between your health and your magic reserves.
You regenerate magic rapidly.
Your presence sometimes corrodes or deforms those you injure.


Message History

The bolt of fire hits you!
* * * LOW HITPOINT WARNING * * *
The ironbound convoker points at the phantasmal warrior and mumbles some strange words.
The phantasmal warrior seems to grow stronger.
The ironbound frostheart calls freezing cold from the walls.
The frost grips you!
* * * LOW HITPOINT WARNING * * *
You are encased in ice.
The vault sentinel blows a loud note on a signal horn!
There is an open door here.
You feel much better.
The dread lich casts a spell.
The deep elf zephyrmancer casts a spell.
The deep elf zephyrmancer blinks!
The phantasmal warrior gestures at you.
The phantasmal warrior blinks!
An ironbound preserver comes into view. It is wielding a +0 mace.
An ironbound frostheart opens the door.
The frost giant hits you with a +3 battleaxe of freezing!
* * * LOW HITPOINT WARNING * * *
The frost giant freezes you!
* * * LOW HITPOINT WARNING * * *
The dread lich mumbles some strange words.
The dread lich flickers and vanishes for a moment.
Blink to where?
Press: ? - help, Dir - move target
As you read the scroll of blinking, it crumbles to dust.
The ice encasing you melts away.
The deep elf zephyrmancer casts a spell.
The deep elf zephyrmancer blinks!
A vault warden comes into view. It is wielding a +0 great mace.
The deep elf zephyrmancer points at you and mumbles some strange words.
The bolt of lightning misses you.
The vault warden unwields a +0 great mace.
The vault warden wields a +0 shortbow.
The vault warden shoots an arrow.
The arrow hits you!
* * * LOW HITPOINT WARNING * * *
The yaktaur wields a +0 arbalest.
The yaktaur shoots a bolt.
The bolt hits you!!
You die...

#.. #....#..# ...#
#....#..#
....##....#..#####.
#..#..).#........
#........).p.....
#####.......[##########
...........?...........
........<<[)...........
.......@)e<)...........
........<<[............
#####........##########
............########
.....#....##cC.....p
###..#....#C...+##+.
#..#....#..ยง.#
#..#....#.p..#
#....#....'##+.


You could see a frost giant (strong), a vault warden, a yaktaur and a deep elf
zephyrmancer.

Vanquished Creatures
  Mara (Vaults:4)
  A golden dragon (Vaults:5)
  The ghost of Daunt the Fighter, an adept DrCj of Ashenzari (Shoals:4)
  2 tentacled monstrosities (Vaults:5)
  A moon troll (WizLab)
  A titan (Vaults:5)
  A lich (Vaults:4)
  3 quicksilver dragons (WizLab)
  Polyphemus (Shoals:4)
  7 sphinxes
  8 tentacled starspawn (WizLab)
  4 tengu reavers
  A kraken (Shoals:3)
  A shadow dragon (Vaults:4)
  A storm dragon (Vaults:4)
  Donald (Orc:1)
  19 vault wardens
  2 fire giants
  3 frost giants
  A cacodemon (WizLab)
  3 ghost moths (Spider:4)
  A deep elf sorcerer (Vaults:5)
  2 imperial myrmidons (Desolation)
  5 emperor scorpions
  5 broodmothers (Spider:4)
  19 ironbound preservers
  10 very ugly things (WizLab)
  2 war gargoyles
  4 stone giants
  8 ironbound thunderhulks
  Nessos (Orc:2)
  A minotaur (Gauntlet)
  2 halazid warlocks (Desolation)
  9 dire elephants
  Azrael (D:11)
  2 deep elf annihilators (Vaults:5)
  7 entropy weavers
  A spark wasp (Spider:2)
  6 merfolk javelineers
  Snorg (Orc:1)
  3 merfolk impalers
  2 ettins (Vaults:4)
  A crystal guardian (Desolation)
  2 deep elf high priests (Vaults:4)
  The ghost of Coguiqiqih the Fighter, a journeyman DrCA of Ignis (Lair:2)
  Harold (Lair:2)
  5 yaktaur captains
  6 ragged hierophants (Desolation)
  5 servants of whispers (Desolation)
  39 vault guards
  8 great orbs of eyes
  2 ogre magi
  8 peacekeepers
  11 boulder beetles
  3 jorogumos
  13 centaur warriors
  8 ironbound frosthearts
  4 hydras
  4 merfolk aquamancers
  2 catoblepae
  A radroach (Spider:4)
  7 two-headed ogres
  An alligator snapping turtle (Shoals:4)
  2 death knights (Vaults:2)
  3 thrashing horrors (Lair:6)
  A death scarab (Spider:4)
  12 death yaks
  7 merfolk avatars
  A tengu warrior (D:15)
  3 satyrs (Shoals:4)
  A wretched star (WizLab)
  4 deep elf knights (Vaults:5)
  A fire crab (Lair:4)
  3 spriggans
  2 shadow wraiths
  7 steelbarb worms
  3 sun moths
  6 glowing orange brains (WizLab)
  5 pharaoh ants
  9 orb spiders
  45 deep trolls
  14 sea snakes
  An orange crystal statue (WizLab)
  4 orc knights
  8 wizards
  10 lindwurms
  A necromancer (D:15)
  5 wolf spider zombies (Spider:3)
  22 harpies
  3 spectral wolf spiders (Spider:3)
  17 ironbound convokers
  3 deep elf pyromancers
  2 orc sorcerers
  25 wolf spiders
  2 deep elf zephyrmancers
  A cyclops (shapeshifter) (D:14)
  5 cyclopes
  4 moths of wrath
  18 manticores
  An elephant (shapeshifter) (Lair:6)
  8 fauns
  A worldbinder (Gauntlet)
  28 ugly things
  15 vault sentinels
  16 elephants
  2 guardian serpents (Desolation)
  10 merfolk sirens
  7 torpor snails
  4 black mambas
  2 centaur zombies (D:15)
  7 eyes of devastation (WizLab)
  3 smoke demons (Lair:6)
  A gargoyle (D:12)
  15 cane toads
  2 naga magi (D:15)
  6 water nymphs
  A centaur skeleton (D:15)
  2 demonic crawlers
  4 rime drakes
  An unseen horror (D:11)
  6 komodo dragons
  An efreet (D:14)
  32 yaktaurs
  10 trolls
  3 ancient zymes (Lair:6)
  3 tengu conjurers
  32 merfolk
  3 polar bears
  6 wind drakes
  7 wolf spider simulacra (Spider:3)
  2 hornets
  A harpy skeleton (D:15)
  46 saltlings (Desolation)
  A polar bear (shapeshifter) (Lair:6)
  28 tarantellas
  4 dream sheep (Shoals:3)
  16 blink frogs
  16 slime creatures
  12 snapping turtles
  35 jumping spiders
  4 centaur simulacra
  24 culicivoras
  A vampire (D:13)
  5 wyverns
  13 water elementals
  4 shadows
  A wraith (D:12)
  10 basilisks
  A human (shapeshifter) (Lair:6)
  79 yaks
  2 neqoxecs (WizLab)
  9 small abominations (Lair:6)
  3 fire elementals
  2 golden eyes (WizLab)
  A chaos spawn (Lair:6)
  3 steam dragons (Shoals:4)
  56 redbacks
  A redback simulacrum (Gauntlet)
  5 vampire mosquitoes (D:12)
  A harpy simulacrum (Gauntlet)
  2 wargs (Orc:2)
  Grum (D:10)
  An acid dragon (D:8)
  Edmund (D:6)
  10 water moccasins
  26 orc warriors
  2 sky beasts
  2 hell hounds
  3 black bears
  5 boggarts
  51 wolves
  12 ogres
  9 centaurs
  3 phantoms
  2 kobold brigands
  13 bullfrogs
  A gnoll sergeant (D:5)
  5 scorpions
  19 killer bees
  2 electric eels
  3 howler monkeys
  A quasit (D:6)
  12 starcursed masses (WizLab)
  3 jellies
  A gnoll bouda (D:6)
  8 orc priests
  5 hounds
  3 iguanas
  13 orc wizards
  11 hell rats
  Robin (D:2)
  10 gnolls
  5 adders
  4 shadow imps (D:6)
  7 white imps
  3 ufetubi (D:6)
  A worm (D:2)
  5 dart slugs
  47 orcs
  6 endoplasms
  16 goblins
  4 hobgoblins
  3 jackals (D:1)
  3 quokkas
  3 training dummies (Shoals:3)
  3 ball pythons
  5 bats
  3 frilled lizards
  13 kobolds
  4 rats (D:1)
  A bush (D:9)
  10 butterflies
  6 plants
  A tentacle (Shoals:3)
1566 creatures vanquished.

Vanquished Creatures (others)
  A fire giant (Vaults:4)
  A ghost moth (Spider:2)
  A merfolk aquamancer (Shoals:4)
  A centaur (Orc:2)
  5 demonic plants (WizLab)
  41 fungi
  75 plants
  19 starspawn tentacles (WizLab)
  5 tentacles (Shoals:3)
149 creatures vanquished.

Grand Total: 1715 creatures vanquished

Notes
Turn   | Place    | Note
-------+----------+-------------------------------------------
     0 | D:1      | jlumianski the Demonspawn Fighter began the quest for the
                  | Orb.
     0 | D:1      | Reached XP level 1. HP: 18/18 MP: 1/1
   211 | D:1      | Gained mutation: You are partially covered in yellow
                  | scales. (AC +2) [demonic ancestry]
   211 | D:1      | Reached XP level 2. HP: 16/24 MP: 2/2
   709 | D:2      | Noticed Robin
   780 | D:1      | Gained mutation: You are mostly covered in yellow scales.
                  | (AC +3) [demonic ancestry]
   780 | D:1      | Reached XP level 3. HP: 24/29 MP: 3/3
   944 | D:2      | Killed Robin
  1189 | D:2      | Found a burning altar of Makhleb.
  1386 | D:2      | Found a faded altar of an unknown god.
  1546 | D:2      | Identified the +0 ring mail of Mistreh {rC+ Regen+ rCorr}
  1910 | D:3      | Gained mutation: You are completely covered in yellow
                  | scales. (AC +4, rCorr) [demonic ancestry]
  1910 | D:3      | Reached XP level 4. HP: 35/35 MP: 4/4
  2074 | D:4      | Noticed a black bear
  2082 | D:4      | Killed a black bear
  2083 | D:4      | Gained mutation: You have large cloven feet. [demonic
                  | ancestry]
  2083 | D:4      | Reached XP level 5. HP: 41/41 MP: 5/5
  2643 | D:3      | Reached skill level 1 in Dodging
  3034 | D:5      | Entered Level 5 of the Dungeon
  3051 | D:5      | Reached XP level 6. HP: 46/48 MP: 6/6
  3109 | D:5      | Reached skill level 1 in Throwing
  3246 | D:4      | Reached XP level 7. HP: 52/54 MP: 7/7
  3493 | D:5      | Reached skill level 1 in Long Blades
  3616 | D:5      | Found an ancient bone altar of Kikubaaqudgha.
  3642 | D:5      | Found a shimmering blue altar of Sif Muna.
  3725 | D:5      | Got Sif Muna's Tome of Creation
  3741 | D:5      | Found a radiant altar of Vehumet.
  3852 | D:5      | Found an iron altar of Okawaru.
  3856 | D:5      | Became a worshipper of Warmaster Okawaru
  3929 | D:5      | Reached skill level 1 in Stealth
  3991 | D:5      | Gained mutation: You regenerate magic rapidly. [demonic
                  | ancestry]
  3991 | D:5      | Reached XP level 8. HP: 58/61 MP: 8/8
  4073 | D:5      | Reached * piety under Okawaru
  4235 | D:5      | Found a shimmering altar of Xom.
  4342 | D:5      | Found Cyihe's Armour Shop.
  4584 | D:6      | Reached skill level 5 in Armour
  4615 | D:6      | Reached skill level 1 in Staves
  4633 | D:6      | Reached ** piety under Okawaru
  4634 | D:6      | Reached skill level 5 in Long Blades
  4800 | D:6      | Noticed Edmund
  4808 | D:6      | Killed Edmund
  4809 | D:6      | Reached XP level 9. HP: 56/67 MP: 9/9
  4936 | D:6      | Reached skill level 5 in Fighting
  5060 | D:5      | Bought a +2 helmet for 198 gold pieces
  5149 | D:6      | Found a staircase to the Ecumenical Temple.
  5342 | D:7      | Reached *** piety under Okawaru
  5343 | D:7      | Reached skill level 5 in Staves
  5651 | D:7      | Found a basalt altar of Yredelemnul.
  5657 | D:7      | Noticed a profane servitor
  5664 | D:7      | Noticed an angel
  5757 | D:8      | Found Sorroven's Armour Boutique.
  5780 | D:8      | Bought a scarf of repulsion for 156 gold pieces
  5780 | D:8      | Bought a +0 cloak of poison resistance for 110 gold pieces
  5788 | D:9      | Noticed a two-headed ogre
  5798 | D:8      | Gained mutation: You regenerate a little health from kills.
                  | [demonic ancestry]
  5798 | D:8      | Reached XP level 10. HP: 76/76 MP: 9/14
  6391 | D:8      | Found an ornate altar of the Wu Jian Council.
  6764 | D:9      | Found a staircase to the Lair.
  6821 | D:9      | Found a sparkling altar of Nemelex Xobeh.
  6907 | D:9      | Found a burning altar of Makhleb.
  6921 | D:9      | Killed a two-headed ogre
  6921 | D:9      | Reached **** piety under Okawaru
  6922 | D:9      | Reached XP level 11. HP: 82/82 MP: 15/15
  6985 | D:10     | Entered Level 10 of the Dungeon
  7064 | D:9      | Received a gift from Okawaru
  7088 | D:9      | Noticed an angel
  7143 | D:9      | Reached skill level 5 in Dodging
  7225 | D:9      | Found a staircase to the Orcish Mines.
  7610 | D:10     | Noticed Grum
  7637 | D:10     | Killed Grum
  8065 | D:10     | Reached ***** piety under Okawaru
  8074 | D:10     | Identified the +1 robe of Wicked Birdsong {-Tele rCorr
                  | Int+2 Dex+8}
  8386 | D:11     | Received a gift from Okawaru
  8585 | D:11     | Noticed a two-headed ogre
  8592 | D:11     | Killed a two-headed ogre
  8592 | D:11     | Received a gift from Okawaru
  8960 | D:13     | Found a gate leading to a gauntlet.
  8968 | Gauntlet | Entered a Gauntlet
  8968 | Gauntlet | Found a transporter.
  8968 | Gauntlet | Found a transporter.
  8968 | Gauntlet | Found a runed translucent door.
  8968 | Gauntlet | Found a runed translucent door.
  8968 | Gauntlet | Found a runed translucent gate.
  8969 | Gauntlet | Found a runed translucent gate.
  8978 | Gauntlet | Found a transporter.
  8982 | Gauntlet | Found a transporter.
  8990 | Gauntlet | Found a transporter.
  8994 | Gauntlet | Found a transporter.
  8998 | Gauntlet | Found a runed translucent door.
  8998 | Gauntlet | Found a runed translucent door.
  9010 | Gauntlet | Found a transporter.
  9024 | Gauntlet | Noticed a death scarab
  9026 | Gauntlet | Noticed a death scarab
  9027 | Gauntlet | Found a transporter.
  9042 | Gauntlet | Found a transporter.
  9054 | Gauntlet | Found a transporter.
  9058 | Gauntlet | Found a transporter.
  9060 | Gauntlet | Found a runed translucent gate.
  9122 | Gauntlet | Noticed a necromancer
  9123 | Gauntlet | Noticed a necromancer
  9123 | Gauntlet | Noticed a skeletal warrior
  9129 | Gauntlet | Received a gift from Okawaru
  9195 | Gauntlet | Found a transporter.
  9226 | Gauntlet | Gained mutation: You have hoof-like feet. [demonic
                  | ancestry]
  9226 | Gauntlet | Reached XP level 12. HP: 91/91 MP: 18/18
  9237 | Gauntlet | Identified the ring of the Centipede {Fly rC+ Will+ Int-2}
  9294 | Gauntlet | Identified the +0 cloak of the Loving Gods {Regen+ MP-9
                  | Int-5 SInv}
  9309 | Gauntlet | Noticed a minotaur
  9334 | Gauntlet | Killed a minotaur
  9334 | Gauntlet | Received a gift from Okawaru
  9370 | D:12     | Upgraded the game from 0.29-a0-721-g7f417c9bbb to
                  | 0.29-a0-723-gce39da1c22
  9532 | D:12     | Identified a scroll of acquirement
  9533 | D:12     | Acquired 1038 gold pieces
  9636 | D:8      | Bought the +3 swamp dragon scales "Tiraruat" {Contam rElec
                  | rPois Int+6 Slay+5} for 1363 gold pieces
  9682 | Lair:1   | Entered Level 1 of the Lair of Beasts
  9880 | D:12     | Noticed a boulder beetle
  9891 | D:12     | Killed a boulder beetle
  9892 | D:12     | Reached skill level 10 in Staves
  9935 | D:12     | Noticed Azrael
 10020 | D:11     | Killed Azrael
 10020 | D:11     | Received a gift from Okawaru
 10048 | D:11     | Reached ****** piety under Okawaru
 10489 | D:13     | Noticed a centaur warrior
 10497 | D:13     | Killed a centaur warrior
 10706 | D:14     | Noticed a boulder beetle
 10716 | D:14     | Killed a boulder beetle
 10718 | D:14     | Noticed a two-headed ogre
 10727 | D:14     | Killed a two-headed ogre
 10740 | D:14     | Noticed a centaur warrior
 10768 | D:14     | Gained mutation: When hurt, damage is shared between your
                  | health and your magic reserves. [demonic ancestry]
 10768 | D:14     | Reached XP level 13. HP: 26/98 MP: 11/20
 11068 | D:14     | Acquired a +2 spectral lajatang
 11226 | D:15     | Entered Level 15 of the Dungeon
 11485 | D:13     | Reached skill level 10 in Invocations
 11503 | D:13     | Found a gate to the Vaults.
 11503 | D:13     | Noticed an ironbound preserver
 11522 | D:13     | Killed an ironbound preserver
 11522 | D:13     | Received a gift from Okawaru
 12366 | D:15     | Identified the +4 war axe of Dismemberment {pain, +Blink}
                  | (Okawaru gifted it to you on level 15 of the Dungeon)
 12366 | D:15     | Received a gift from Okawaru
 12684 | D:15     | Found a staircase to the Depths.
 12691 | D:15     | Identified the +0 scale mail "Wuebaf" {Int+2} (Okawaru
                  | gifted it to you on level 15 of the Dungeon)
 12691 | D:15     | Received a gift from Okawaru
 12692 | D:15     | Gained mutation: You regenerate health from kills. [demonic
                  | ancestry]
 12692 | D:15     | Reached XP level 14. HP: 106/106 MP: 11/22
 12899 | D:15     | Found Bezxi's Book Shoppe.
 13177 | Orc:1    | Entered Level 1 of the Orcish Mines
 13194 | Orc:1    | Noticed Snorg
 13206 | Orc:1    | Killed Snorg
 13536 | Orc:2    | Entered Level 2 of the Orcish Mines
 13536 | Orc:2    | Noticed Nessos
 13536 | Orc:2    | Noticed Donald
 13536 | Orc:2    | Found a staircase to the Elven Halls.
 13548 | Orc:1    | Killed Donald
 13702 | Orc:2    | Reached skill level 5 in Stealth
 13827 | Orc:2    | Killed Nessos
 13988 | Orc:1    | Found Gemaxema's General Store.
 14067 | Orc:2    | Found Otiojikh's Antique Armour Boutique.
 14067 | Orc:2    | Found Hubrec's Magic Scroll Shoppe.
 14067 | Orc:2    | Found Wuetick's Armour Emporium.
 14070 | Orc:2    | Found Piahow's Antique Weapon Shop.
 14137 | Orc:2    | Upgraded the game from 0.29-a0-723-gce39da1c22 to
                  | 0.29-a0-732-g3d7fbe0af2
 14137 | Orc:2    | Upgraded the game from 0.29-a0-732-g3d7fbe0af2 to
                  | 0.29-a0-757-g358383bc75
 14434 | Orc:1    | Bought a potion of mutation for 88 gold pieces
 14434 | Orc:1    | Bought the +2 pair of boots "Huisiemn" {Will+} for 298 gold
                  | pieces
 15423 | Lair:2   | Found a large runed translucent door.
 15424 | Lair:2   | Found a large runed translucent door.
 15490 | Lair:2   | Noticed Harold
 15511 | Lair:2   | Killed Harold
 16048 | Lair:2   | Noticed Coguiqiqih's ghost (journeyman DrCA)
 16161 | Lair:2   | Killed Coguiqiqih's ghost
 16400 | Lair:3   | Identified the +4 quarterstaff "Bivyat" {freeze, rElec
                  | Will++} (Okawaru gifted it to you on level 3 of the Lair of
                  | Beasts)
 16400 | Lair:3   | Received a gift from Okawaru
 16486 | Lair:3   | Upgraded the game from 0.29-a0-757-g358383bc75 to
                  | 0.29-a0-775-g4d7333d4e2
 17280 | Lair:4   | Reached skill level 10 in Fighting
 17324 | Lair:4   | Found a staircase to the Shoals.
 17332 | Lair:4   | Reached XP level 15. HP: 113/115 MP: 13/24
 17610 | Lair:4   | Identified the +3 buckler of Bemo {Fly rPois Slay-3 SInv}
                  | (Okawaru gifted it to you on level 4 of the Lair of Beasts)
 17610 | Lair:4   | Received a gift from Okawaru
 17735 | Lair:4   | Found a hole to the Spider Nest.
 18393 | Lair:6   | Entered Level 6 of the Lair of Beasts
 19006 | Lair:6   | Reached skill level 5 in Evocations
 19599 | Lair:6   | Found a staircase to the Slime Pits.
 19750 | Lair:6   | Received a gift from Okawaru
 19844 | Lair:6   | Identified the +9 flail of Bellicose Valour {drain, rN+}
 20117 | Lair:6   | Found a corrupted altar of Lugonu.
 20117 | Lair:6   | Found a one-way gate to the infinite horrors of the Abyss.
 20575 | Spider:1 | Entered Level 1 of the Spider Nest
 20678 | Spider:1 | Reached XP level 16. HP: 125/126 MP: 15/26
 20819 | Spider:1 | Identified the +2 helmet of the Kangaroo {Fly rPois rN+}
                  | (Okawaru gifted it to you on level 1 of the Spider Nest)
 20819 | Spider:1 | Received a gift from Okawaru
 22503 | Spider:3 | Identified the +0 buckler of Kuano {rN+++} (Okawaru gifted
                  | it to you on level 3 of the Spider Nest)
 22503 | Spider:3 | Received a gift from Okawaru
 22667 | Spider:3 | Identified the +8 war axe "Egre" {venom, Will+}
 22861 | Spider:3 | Reached skill level 15 in Invocations
 23087 | Spider:4 | Entered Level 4 of the Spider Nest
 23098 | Spider:4 | Reached skill level 10 in Dodging
 23411 | Spider:3 | Gained mutation: Your presence sometimes corrodes those you
                  | injure. [demonic ancestry]
 23411 | Spider:3 | Reached XP level 17. HP: 42/137 MP: 6/28
 23536 | Spider:4 | Identified the +6 dagger "Fur Raoc" {drain, rElec}
 23589 | Spider:4 | Received a gift from Okawaru
 23589 | Spider:4 | Found the +6 Majin-Bo {vamp, MP+6 Int+6}
 23970 | Spider:4 | Identified the +1 pair of boots of the Demon Prince {*Slow
                  | Str+8} (Okawaru gifted it to you on level 4 of the Spider
                  | Nest)
 23970 | Spider:4 | Received a gift from Okawaru
 24131 | Spider:4 | Got a gossamer rune of Zot
 24509 | D:9      | Upgraded the game from 0.29-a0-775-g4d7333d4e2 to
                  | 0.29-a0-789-g7a8fcbc185
 24592 | Shoals:1 | Entered Level 1 of the Shoals
 24724 | Shoals:1 | Found Plog's Book Shop.
 24941 | Shoals:1 | Identified the +0 cloak of Foolhardiness {rF+ rCorr Dex-4}
 26181 | Shoals:3 | Reached skill level 10 in Armour
 26345 | Shoals:3 | Found a hide-covered altar of Uskayaw.
 26489 | Shoals:3 | Found Wogol's Firing Range.
 26570 | Shoals:3 | Received a gift from Okawaru
 26797 | Shoals:3 | Gained mutation: You regenerate a lot of health from kills.
                  | [demonic ancestry]
 26797 | Shoals:3 | Reached XP level 18. HP: 148/148 MP: 21/30
 27124 | Shoals:4 | Entered Level 4 of the Shoals
 27188 | Shoals:4 | Reached skill level 15 in Fighting
 27196 | Shoals:4 | Found Vuataalo's Weapon Shop.
 27216 | Shoals:4 | Bought 4 boomerangs for 30 gold pieces
 27468 | Shoals:4 | Found the +3 robe of Clouds {*Thunder rCloud rElec}
 27542 | Shoals:4 | Identified the +3 robe of the Heron {rCorr Int-2 Slay+2}
 27600 | Shoals:4 | Found Winkarr's Distillery.
 27605 | Shoals:4 | Found Uppito's Magic Scroll Shop.
 27667 | Shoals:4 | Bought a potion of berserk rage for 85 gold pieces
 27673 | Shoals:4 | Noticed Polyphemus
 27695 | Shoals:4 | Killed Polyphemus
 28110 | Shoals:4 | Reached skill level 10 in Evocations
 28113 | Shoals:4 | Found Pudiz's Magic Scroll Shop.
 28114 | Shoals:4 | Found a runed translucent door.
 28116 | Shoals:4 | Noticed Daunt's ghost (adept DrCj)
 28138 | Shoals:4 | Bought a scroll of enchant weapon for 127 gold pieces
 28138 | Shoals:4 | Bought a scroll of enchant weapon for 127 gold pieces
 28237 | Shoals:4 | Found Marduk's Dragon-Slaying Spoils.
 28464 | Shoals:4 | Received a gift from Okawaru
 28511 | Shoals:4 | Got a barnacled rune of Zot
 28629 | Shoals:4 | Killed Daunt's ghost
 28643 | Shoals:4 | Identified the +5 battleaxe of Distant Shores {flame, Int+4
                  | SInv}
 28941 | Vaults:1 | Entered Level 1 of the Vaults
 29282 | Vaults:1 | Received a gift from Okawaru
 30391 | Vaults:2 | Found a staircase to the Crypt.
 30441 | Vaults:2 | Found Zizyx's Magic Scroll Boutique.
 30496 | Vaults:2 | Gained mutation: You have hooves in place of feet. [demonic
                  | ancestry]
 30496 | Vaults:2 | Reached XP level 19. HP: 130/157 MP: 10/31
 30595 | Vaults:2 | Found a magical portal.
 30622 | WizLab   | Entered Lehudib's Moon Base
 30686 | WizLab   | Found a transporter.
 30703 | WizLab   | Paralysed by a great orb of eyes for 5 turns
 30726 | WizLab   | Paralysed by accursed screaming for 1 turns
 31001 | WizLab   | Reached skill level 10 in Stealth
 31038 | WizLab   | Identified the +5 long sword of Lidusis {vorpal, rF+ rC-
                  | Int+4} (Okawaru gifted it to you in a wizard's laboratory)
 31038 | WizLab   | Received a gift from Okawaru
 31252 | WizLab   | HP: 6/159 [brown very ugly thing (2)]
 31252 | WizLab   | HP: 2/159 [acid (4)]
 31767 | WizLab   | Received a gift from Okawaru
 31769 | WizLab   | Found a transporter.
 32011 | WizLab   | Paralysed by a great orb of eyes for 5 turns
 32954 | Vaults:2 | Received a gift from Okawaru
 33224 | Vaults:2 | Identified the ring of Jethreos {rF+ Int+2}
 33678 | Vaults:3 | Gained mutation: Your presence sometimes corrodes or
                  | deforms those you injure. [demonic ancestry]
 33678 | Vaults:3 | Reached XP level 20. HP: 139/168 MP: 20/33
 33687 | Vaults:3 | Received a gift from Okawaru
 33812 | Vaults:3 | Found Hiaxkek's Antique Weapon Shop.
 33872 | Vaults:3 | Found a crumbling gateway.
 33891 | Desolati | Entered the Desolation of Salt
 34232 | Desolati | Identified the amulet "Axzikih" {Reflect Harm Drain +Blink
                  | rElec SH+5}
 34235 | Desolati | Got Sif Muna's Compendium of the Volcanoes and Cold
 34339 | Desolati | Got Sif Muna's Handbook of Orientation
 34355 | Desolati | Got Sif Muna's Tome of Transmigration and Poisoning
 34373 | Desolati | Identified the ring of Bycingasow {rN++ Will- rCorr Str+4}
 34404 | Desolati | Identified the +3 quarterstaff of Understanding {flame,
                  | Int+2} (Okawaru gifted it to you in the Desolation of Salt)
 34404 | Desolati | Received a gift from Okawaru
 34591 | Desolati | Identified the +8 scale mail of Lightning Storm {-Cast rF+
                  | rCorr}
 34597 | Desolati | Identified the +2 pair of boots of Intuition {rElec rC+
                  | Int-4 Dex+7}
 34988 | D:9      | Upgraded the game from 0.29-a0-789-g7a8fcbc185 to
                  | 0.29-a0-802-g34511f41fd
 36145 | Vaults:3 | Received a gift from Okawaru
 36572 | Vaults:4 | Found Syuw's Jewellery Boutique.
 36704 | Vaults:4 | Noticed Mara
 36713 | Vaults:4 | Killed Mara
 36722 | Vaults:4 | Received a gift from Okawaru
 36854 | Vaults:4 | Reached XP level 21. HP: 165/179 MP: 21/34
 36856 | Vaults:4 | Reached skill level 5 in Throwing
 37481 | Vaults:5 | Entered Level 5 of the Vaults
 37613 | Vaults:4 | Found a huge runed gate.
 37613 | Vaults:4 | Found a huge runed gate.
 37613 | Vaults:4 | Found a huge runed gate.
 37613 | Vaults:4 | Found a huge runed gate.
 37613 | Vaults:4 | Found a huge runed gate.
 37613 | Vaults:4 | Found a huge runed gate.
 37613 | Vaults:4 | Found a huge runed gate.
 37614 | Vaults:4 | Found a huge runed gate.
 37614 | Vaults:4 | Found a huge runed gate.
 37614 | Vaults:4 | Found a huge runed gate.
 37620 | Vaults:4 | Found a huge runed gate.
 37620 | Vaults:4 | Found a huge runed gate.
 37620 | Vaults:4 | Found a huge runed gate.
 37620 | Vaults:4 | Found a huge runed gate.
 37620 | Vaults:4 | Found a huge runed gate.
 37620 | Vaults:4 | Found a huge runed gate.
 37621 | Vaults:4 | Found a huge runed gate.
 37622 | Vaults:4 | Found a huge runed gate.
 37623 | Vaults:4 | Found a huge runed gate.
 37631 | Vaults:4 | Found a huge runed gate.
 37631 | Vaults:4 | Found a huge runed gate.
 37631 | Vaults:4 | Found a huge runed gate.
 37631 | Vaults:4 | Found a huge runed gate.
 37631 | Vaults:4 | Found a huge runed gate.
 37631 | Vaults:4 | Found a huge runed gate.
 37632 | Vaults:4 | Found a huge runed gate.
 37633 | Vaults:4 | Found a huge runed gate.
 37634 | Vaults:4 | Found a huge runed gate.
 37642 | Vaults:4 | Found a huge runed gate.
 37642 | Vaults:4 | Found a huge runed gate.
 37642 | Vaults:4 | Found a huge runed gate.
 37642 | Vaults:4 | Found a huge runed gate.
 37642 | Vaults:4 | Found a huge runed gate.
 37642 | Vaults:4 | Found a huge runed gate.
 37643 | Vaults:4 | Found a huge runed gate.
 37644 | Vaults:4 | Found a huge runed gate.
 38361 | Vaults:4 | Received a gift from Okawaru
 38812 | Vaults:5 | Identified the +10 scimitar of Ganug {spect, rN+ Will-
                  | Int+4 Dex+3}
 38871 | Vaults:5 | Noticed a golden dragon
 38874 | Vaults:5 | Paralysed by an ogre mage for 3 turns
 38916 | Vaults:4 | Received a gift from Okawaru
 38954 | Vaults:5 | Killed a golden dragon
 39020 | Vaults:5 | Noticed a dread lich
 39025 | Vaults:5 | Shot with a bolt by a yaktaur

Illustrated notes

Levels and vault maps discovered:
D:1:      dpeg_arrival_central, layout_basic
D:2:      layout_basic, basic_ecumenical_altar, basic_altar, uniq_robin
D:3:      layout_loops_corners
D:4:      layout_rooms
D:5:      layout_basic, palyth_temple_overflow_mages, mainiacjoe_overflow_swirl,
          serial_shops, nicolae_take_the_stairs
D:6:      layout_rooms, temple_statues, serial_demonic, serial_demonic_d,
          serial_demonic_d, serial_demonic_c, serial_demonic_d,
          serial_demonic_d, corexii_leaking_fountain,
          nicolae_elevator_lobby_asterisk, uniq_edmund
D:7:      layout_loops_corners, grunt_temple_overflow_holy_war
D:8:      layout_rooms, mainiacjoe_overflow_tiny_flanked,
          lemuel_coloured_pillars_altar, serial_shops, nicolae_stop_n_shop_2
D:9:      layout_cave_pools, mainiacjoe_overflow_chevrons,
          mainiacjoe_overflow_alcove_2, zin_angel, dpeg_oklobed_lair,
          orc_0_dummy
D:10:     layout_roguey, uniq_grum
D:11:     layout_basic
D:12:     layout_loops_ring, uniq_azrael
D:13:     layout_basic, skrybe_vaults_entry_preservation, gauntlet_entry_generic
D:14:     layout_loops_cross, serial_bayou, serial_bayou_shore_b,
          serial_bayou_crossing, serial_bayou_pond_b, serial_bayou_pond_a,
          serial_bayou_shore_b, serial_bayou_ford_a,
          portal_ice_cave_entry_pillars_1
D:15:     grunt_enter_depths_magical_seal, layout_loops_cross, serial_shops,
          shop, statue_in_the_mist_lemuel
Lair:1:   layout_loops_ring, grunt_megastairs_1
Lair:2:   layout_regular_city, ebering_ghost_disaster_area, uniq_harold
Lair:3:   beast_lair_carwin_large_2, layout_cave_pods,
          chequers_serial_rivers_micro_b
Lair:4:   layout_roguey, elwin_shoals_entry_stream,
          nicolae_spider_entry_tight_spaces, grunt_megastairs_2,
          lemuel_fruit_fields
Lair:5:   layout_regular_city, grunt_forest_large_clearings,
          infiniplex_staircase_pool
Lair:6:   hellmonk_lair_end_abyssal_woods, layout_loops_ring, slime_entry_1,
          chequers_serial_rivers_micro_e, grunt_megastairs_5
Shoals:1: layout_shoals, serial_shops, nicolae_diamond_shop
Shoals:2: layout_shoals
Shoals:3: layout_shoals, lemuel_altar_in_water, nicolae_shop_firing_range
Shoals:4: shoals_end_simple, layout_shoals, ebering_ghost_reflecting_pool,
          serial_shops, shop, shop, nicolae_shop_crystal, shop,
          nicolae_shop_dragon_depot, nicolae_shoals_drake_roost, uniq_polyphemus
Spider:1: layout_spider_delve
Spider:2: layout_spider_delve, nicolae_spider_bug_shape
Spider:3: layout_spider_delve, nicolae_spider_undead_wolf_pack
Spider:4: hellmonk_spider_rune_endless_swarm, nicolae_spider_claw_tunnel
Orc:1:    layout_caves, serial_shops, shop, lemuel_statue_altar, uniq_snorg
Orc:2:    st_orc_rangers, layout_caves, uniq_nessos, uniq_donald
Vaults:1: ontoclasm_vaults_decontamination, vaults_room_ringed_pool,
          nicolae_vaults_circle_grid_a, vaults_mumra_lcd,
          ontoclasm_vaults_ring_large, vaults_room_hallway,
          nicolae_vaults_little_squares_5, layout_vaults_quadrants
Vaults:2: lightli_enter_wizlab_magi_temple, nicolae_vaults_alarming, v_misc_24,
          v_misc_27, v_misc_29, nicolae_vaults_little_ls, ontoclasm_vaults_chip,
          vaults_room_hallway, nicolae_vaults_little_squares_5, v_misc_16,
          hangedman_vaults_maws, nicolae_vaults_border_crossing,
          blue_anna_dwarven_crypt, nicolae_vaults_little_squares_6,
          layout_vaults_chaotic_city, serial_shops,
          nicolae_shop_advertising_works [nicolae_subvault_shop_adworks]
Vaults:3: portal_desolation_entry_ruin, v_rooms_5,
          vaults_standard_mumra_enter_the_diamond, vaults_dpeg_doors, v_misc_14,
          hangedman_vaults_slice, hangedman_vaults_river_flow, v_misc_32,
          grunt_vaults_focal, v_alt_pattern_4, nicolae_vaults_little_squares_3,
          vaults_room_hallway, hangedman_vaults_cutoff,
          vaults_room_guarded_vault, layout_vaults_omnicross, serial_shops, shop
Vaults:4: ontoclasm_vaults_ring_large, nicolae_vaults_asterisk,
          grunt_vaults_swirl, v_rooms_4, ontoclasm_vaults_gateway,
          v_alt_pattern_3, v_misc_5, v_misc_17, not_door_vault_mu,
          ontoclasm_vaults_bender, ontoclasm_vaults_eye, grunt_vaults_twisty,
          nicolae_vaults_little_squares_6, v_pattern_3,
          ontoclasm_vaults_ligature, layout_vaults_ring, serial_shops,
          nicolae_shop_hallway_plus, uniq_mara
Vaults:5: serial_shops

Skill      XL: |  1  2  3  4  5  6  7  8  9 10 11 12 13 14 15 16 17 18 19 20 21 |
---------------+----------------------------------------------------------------+-----
Axes           | 2 3 4 |  4.8
Shields        | 3 4 |  4.1
Armour         | 3 4 5 6 7 8 9 10 11 | 11.8
Dodging        | 1 2 3 4 5 6 7 8 10 11 12 13 | 13.5
Throwing       | 1 3 4 5 |  5.2
Fighting       | 4 6 7 8 10 12 13 14 16 17 18 20 | 20.0
Long Blades    | 2 5 6 7 8 |  8.9
Stealth        | 1 3 4 5 6 7 8 9 10 11 12 | 12.4
Staves         | 2 6 7 9 10 13 14 | 14.0
Invocations    | 6 8 9 10 12 13 15 16 17 18 19 20 | 20.5
Evocations     | 3 6 7 9 10 11 13 | 13.8

Action                   |  1- 3 |  4- 6 |  7- 9 | 10-12 | 13-15 | 16-18 | 19-21 || total
-------------------------+-------+-------+-------+-------+-------+-------+-------++-------
Melee: War axe           |   131 |    91 |    81 |       |       |       |     3 ||   306
       Kick              |       |    26 |    71 |   184 |   102 |       |   390 ||   773
       Long sword        |       |       |   117 |       |       |       |       ||   117
       Quarterstaff      |       |       |   103 |   428 |    27 |       |       ||   558
       Lajatang          |       |       |       |       |   836 |  1137 |   883 ||  2856
Throw: Stone             |    14 |    18 |    14 |       |       |       |       ||    46
       Javelin           |     1 |     3 |     1 |     1 |       |       |       ||     6
       Dart              |       |       |     3 |    13 |       |       |       ||    16
       Boomerang         |       |       |       |     1 |    15 |     9 |    22 ||    47
Invok: Heroism           |       |       |     1 |     4 |     4 |     4 |     4 ||    17
       Finesse           |       |       |       |     1 |     3 |     4 |     4 ||    12
 Abil: Evoke Blink       |       |       |       |       |       |       |     1 ||     1
Evoke: Wand              |       |       |       |     1 |     1 |     1 |     1 ||     4
       Condenser vane    |       |       |       |       |       |     2 |     2 ||     4
       Lightning rod     |       |       |       |       |       |       |     1 ||     1
  Use: Potion            |       |     2 |     1 |     1 |       |       |     2 ||     6
       Scroll            |       |    10 |     9 |    11 |     7 |     7 |     3 ||    47
 Stab: Distracted        |       |       |     1 |     7 |    15 |    23 |    23 ||    69
       Sleeping          |       |       |       |     2 |     6 |    17 |    17 ||    42
Armor: Scale mail        |    80 |       |       |       |       |       |       ||    80
       Ring mail         |    18 |    50 |   252 |   188 |       |       |       ||   508
       Swamp dragon scal |       |       |       |    42 |   606 |   998 |   403 ||  2049
Dodge: Dodged            |    72 |    41 |   156 |   233 |   673 |  1075 |   522 ||  2772
Block: Buckler           |    35 |    18 |    30 |       |       |       |       ||    83
       Other             |       |       |       |       |       |       |    80 ||    80
       Reflection        |       |       |       |       |       |       |     5 ||     5

Table legend: (Time is in decaauts)
 A = Elapsed time spent in this place.
 B = Non-inter-level travel time spent in this place.
 C = Inter-level travel time spent in this place.
 D = Time resting spent in this place.
 E = Time spent auto-exploring this place.
 F = Levels seen in this place.
 G = Mean time per level.
                   A        B        C        D        E       F      G
               +--------+--------+--------+--------+--------+-----+--------+
         Total |  38394 |  35483 |   2911 |    860 |  17585 |  39 |  984.5 |
       Dungeon |  13738 |  12189 |   1549 |    233 |   6631 |  15 |  915.9 |
          Lair |   5921 |   5395 |    526 |      0 |   3449 |   6 |  986.8 |
        Shoals |   3989 |   3834 |    155 |     33 |   1951 |   4 |  997.2 |
   Spider Nest |   3748 |   3543 |    205 |    127 |   1243 |   4 |  937.0 |
  Orcish Mines |   1405 |   1395 |     10 |      0 |    635 |   2 |  702.5 |
        Vaults |   7028 |   6565 |    463 |    446 |   3320 |   5 | 1405.6 |
        Wizlab |   1444 |   1444 |      0 |      0 |    239 |   1 | 1444.0 |
    Desolation |    762 |    762 |      0 |      0 |    117 |   1 |  762.0 |
      Gauntlet |    356 |    356 |      0 |     21 |      0 |   1 |  356.0 |
               +--------+--------+--------+--------+--------+-----+--------+

Top non-repeatable levels by time:
Vaults:4: 2323 daAuts
Vaults:2: 1560 daAuts
Vaults:1: 1481 daAuts
Shoals:4: 1475 daAuts
  WizLab: 1444 daAuts
Vaults:3: 1435 daAuts
     D:5: 1315 daAuts
  Lair:6: 1290 daAuts
     D:9: 1208 daAuts
  Lair:3: 1156 daAuts
     D:1: 1097 daAuts
Spider:4: 1095 daAuts
    D:11: 1074 daAuts
    D:13: 1021 daAuts
Spider:1: 1020 daAuts
